 Dungeon Crawl Stone Soup version 0.26-a0-651-gb41185065b (webtiles) character file.

Game seed: 2502113441460857108

45462 lunkers the Warrior (level 14, -15/131 HPs)
             Began as a Formicid Earth Elementalist on Sept 28, 2020.
             Was a High Priest of Ashenzari.
             Demolished by a slime creature (17 damage)
             ... on level 12 of the Dungeon on Sept 29, 2020.
             The game lasted 01:07:11 (34349 turns).

lunkers the Warrior (Formicid Earth Elementalist)  Turns: 34349, Time: 01:07:12

Health: -15/131    AC:  5    Str: 17    XL:     14   Next: 71%
Magic:  1/26       EV: 16    Int: 26    God:    Ashenzari [*****.]
Gold:   1508       SH: 12    Dex: 11    Spells: 14/29 levels left

rFire    + . .     SeeInvis +   u - staff of conjuration (curse)
rCold    . . .     Faith    .   d - +0 kite shield (curse)
rNeg     + . .     Spirit   .   t - +1 robe of Inquiry {Rampage rF+ Str+2 Int+2} (curse)
rPois    .         Reflect  .   (helmet unavailable)
rElec    .         Harm     .   Q - scarf {repulsion}
rCorr    .         Rampage  +   i - +1 pair of gloves (curse)
MR       ++++.     Clarity  +   (no boots)
Stlth    ++........             k - amulet of the Four Winds {rN+ MR+++ Clar} (curse)
HPRegen  0.31/turn              x - +6 ring of intelligence (curse)
MPRegen  0.20/turn              l - +4 ring of evasion (curse)

@: barbed spikes, repel missiles
A: permanent stasis, dig shafts and tunnels, four strong arms, antennae 3
a: Dig, Shaft Self, Curse Item, Scrying, Transfer Knowledge, Renounce Religion


You were on level 12 of the Dungeon.
You worshipped Ashenzari.
Ashenzari was extremely pleased with you.
You visited 2 branches of the dungeon, and saw 18 of its levels.
You also visited: Ossuary and Bailey.

You collected 1508 gold pieces.

Inventory:

Hand Weapons
 F - a +2 scimitar of flaming
Missiles
 w - 393 stones (quivered)
Armour
 b - the cursed +0 pair of boots "Vogem" {rF+ rN+ rCorr Int-5 SInv}
   (You found it on level 7 of the Dungeon)

   It affects your intelligence (-5).
   It protects you from fire.
   It protects you from negative energy.
   It lets you see invisible.
   It provides partial protection from all sources of acid and corrosion.
   It has a curse placed upon it.
 c - +0 pearl dragon scales
 d - a cursed +0 kite shield (worn)
 i - a cursed +1 pair of gloves (worn)
 t - the cursed +1 robe of Inquiry (worn) {Rampage rF+ Str+2 Int+2}
   (You found it on level 7 of the Dungeon)

   It affects your strength (+2).
   It affects your intelligence (+2).
   It protects you from fire.
   It bestows one free step when moving towards enemies.
   It has a curse placed upon it.
 C - +0 acid dragon scales
 N - a +0 kite shield of protection
 Q - a scarf of repulsion (worn)
Magical Staves
 u - a cursed staff of conjuration (weapon)
Jewellery
 a - an uncursed ring of protection from magic
 g - a +4 ring of protection
 k - the cursed amulet of the Four Winds (around neck) {rN+ MR+++ Clar}
   (You found it on level 8 of the Dungeon)

   [amulet of nothing]

   It protects you from negative energy.
   It affects your resistance to hostile enchantments.
   It protects you against confusion.
   It has a curse placed upon it.
 l - a cursed +4 ring of evasion (right hand)
 p - an uncursed ring of poison resistance
 x - a cursed +6 ring of intelligence (left hand)
 H - an uncursed amulet of reflection
 U - a +6 ring of dexterity
 V - an uncursed ring of protection from magic
Wands
 s - a wand of paralysis (11)
 B - a wand of digging (28)
 D - a wand of random effects (12)
 G - a wand of enslavement (3)
 I - a wand of iceblast (40)
 S - a wand of acid (5)
 W - a wand of polymorph (9)
 X - a wand of flame (12)
Scrolls
 h - a scroll of brand weapon
 r - 3 scrolls of enchant weapon
 v - 4 scrolls of fear
 y - a scroll of fog
 A - 3 scrolls of immolation
 E - 4 scrolls of enchant armour
 J - 3 scrolls of amnesia
 M - a scroll of magic mapping
 O - 3 scrolls of remove curse
 R - a scroll of vulnerability
 T - 7 scrolls of identify
Potions
 e - a potion of might
 f - 9 potions of curing
 j - 8 potions of heal wounds
 m - 7 potions of flight
 n - 3 potions of magic
 o - a potion of resistance
 q - 2 potions of lignification
 z - 2 potions of brilliance
 K - 3 potions of mutation
 P - a potion of ambrosia
Miscellaneous
 L - a phial of floods


   Skills:
 + Level 18.9 Fighting
 - Level 1.7 Dodging
 - Level 2.4 Stealth
 - Level 8.1(10.8) Shields
 - Level 8.1 Spellcasting
 - Level 2.0(5.0) Conjurations
 - Level 1.1(3.4) Transmutations
 - Level 14.2(17.7) Earth Magic


You had 14 spell levels left.
You knew the following spells:

 Your Spells              Type           Power        Failure   Level
a - Stone Arrow           Conj/Erth      ######       1%          3
b - Passwall              Tmut/Erth      ######..     1%          2
c - Sandblast             Erth           ######       0%          1
d - Petrify               Tmut/Erth      ######..     1%          4
e - Lee's Rapid Deconstr  Erth           #######...   1%          5

Your spell library contained the following spells:

 Spells                   Type           Power        Failure   Level
 Foxfire                  Conj/Fire      ####         1%          1
 Magic Dart               Conj           ####         1%          1
 Searing Ray              Conj           ######       1%          2
 Sting                    Tmut/Pois      ###.         2%          1
 Animate Skeleton         Necr           ##....       4%          1
 Apportation              Tloc           ##....       4%          1
 Corona                   Hex            ##.....      4%          1
 Summon Small Mammal      Summ           ##..         4%          1
 Dazzling Flash           Conj/Hex       #####.       5%          3
 Mephitic Cloud           Conj/Pois/Air  ####....     7%          3
 Spider Form              Tmut/Pois      ###.......   8%          3
 Statue Form              Tmut/Erth      ######...    11%         6
 Lesser Beckoning         Tloc           ##........   13%         3
 Tukima's Dance           Hex            ##......     13%         3
 Fulminant Prism          Conj/Hex       #####.....   19%         4
 Iskenderun's Mystic Bla  Conj/Tloc      #####...     19%         4
 Cause Fear               Hex            ##........   41%         4
 Alistair's Intoxication  Tmut/Pois      ###......    56%         5
 Invisibility             Hex            ##......     100%        6
 Dragon Form              Tmut           ####......   100%        7
 Dragon's Call            Summ           ##........   100%        9


Dungeon Overview and Level Annotations

Branches:
Dungeon (12/15)            Temple (0/1) D:6            Lair (6/6) D:8
  Swamp (0/4) Lair:2       Spider (0/4) Lair:4        Slime (0/5) Lair:6
    Orc (0/2) D:11        Ossuary (visited)          Bailey (visited)

Altars:
Ashenzari
Dithmenos
Elyvilon
Fedhas
Hepliaklqana
Nemelex Xobeh
Okawaru
Qazlal
Ru
Trog
Vehumet
Yredelemnul
The Shining One
Beogh

Shops:
D:4 ?

Annotations:
D:3 1 runed translucent door, TigOlBitties's ghost, amateur DEEE
D:9 1 runed translucent door
Lair:2 1 runed translucent door, relicbr's ghost, journeyman OpEE
Lair:4 2 transporters, Tiktacy's ghost, journeyman OpNe


Innate Abilities, Weirdness & Mutations

You cannot be hasted, slowed, berserked, paralysed or teleported.
You can dig through walls and to a lower floor.
Your four strong arms can wield two-handed weapons with a shield.
You have a pair of large antennae on your head. (SInv)


Message History

* * * LOW MAGIC WARNING * * *
The manticore closely misses you. You block the manticore's attack.
The manticore claws you.
* * * LOW HITPOINT WARNING * * *
You block the slime creature's attack.
Unknown command.
The manticore flicks its tail.
The volley of spikes hits you!
The barbed spikes become lodged in your body.
* * * LOW HITPOINT WARNING * * *
Okay, then.
Are you sure you want to shaft yourself?
You block the slime creature's attack.
You begin to dig a shaft.
You continue digging a shaft.
The manticore bites you.
* * * LOW HITPOINT WARNING * * *
You block the manticore's attack. The manticore claws you.
* * * LOW HITPOINT WARNING * * *
The slime creature hits you!
You die...

.......##†.............
......###.............
.......).............##
....##................##
...###.................###
.....#.>................<#
.....#.............##.....#
................JH##**...##
.......#..##....@..### #.#
...._......#..##.....# * #
....................##
....................#
.....# **.........###
.....#####........#
..................##
...........#.......#
................†..#


You could see a slime creature and a manticore.

Vanquished Creatures
  A fire dragon (Lair:6)
  4 hydras
  Fannar (Lair:1)
  A catoblepas (Lair:6)
  Erica (D:7)
  2 two-headed ogres (D:11)
  4 death yaks
  Sonja (D:10)
  An unseen horror (D:11)
  A swamp dragon (Lair:6)
  Pikel (D:5)
  2 orc knights (Bailey)
  A cyclops (D:11)
  An ugly thing (D:12)
  14 elephants
  A manticore (D:11)
  6 black mambas
  Maurice (D:12)
  Maggie (D:8)
  5 cane toads
  3 komodo dragons
  A torpor snail (Lair:5)
  2 rime drakes (Lair:6)
  2 trolls
  Prince Ribbit (D:8)
  A hornet (Lair:4)
  A bog body (Lair:2)
  7 slime creatures (D:12)
  3 hippogriffs
  9 blink frogs
  2 dream sheep (Lair:5)
  A wraith (D:10)
  2 wyverns
  A shadow (D:11)
  27 yaks
  5 basilisks
  An acid dragon (Lair:6)
  9 water moccasins
  2 porcupines (Lair:5)
  17 orc warriors
  A phantom (D:8)
  7 ice beasts
  3 sky beasts
  3 swamp drakes (Lair:6)
  8 ogres
  3 black bears
  7 centaurs
  21 crocodiles
  A lemure (D:5)
  An elf zombie (Ossuary)
  2 big kobolds
  12 bullfrogs
  2 gnoll sergeants
  6 scorpions
  7 jellies
  9 killer bees
  5 howler monkeys
  An electric eel (D:10)
  A quasit (D:11)
  3 centaur zombies
  6 hounds
  8 centaur skeletons
  2 human zombies (Ossuary)
  12 orc priests
  7 orc wizards
  4 bullfrog skeletons
  Jessica (D:3)
  5 iguanas
  9 worker ants
  2 big kobold zombies (Ossuary)
  A hound skeleton (D:8)
  2 mummies (Ossuary)
  2 worker ant zombies
  17 gnolls
  A howler monkey skeleton (D:11)
  15 adders
  A shadow imp (D:5)
  2 ufetubi (D:9)
  2 adder skeletons
  4 adder zombies
  5 worms
  A dart slug (D:1)
  A leopard gecko (D:3)
  71 orcs
  5 giant cockroaches
  10 goblins
  12 hobgoblins
  4 jackals (D:8)
  7 quokkas
  3 ball pythons
  11 bats
  7 frilled lizards
  A goblin zombie (Ossuary)
  11 hobgoblin zombies (Ossuary)
  2 jackal skeletons
  9 kobolds
  8 kobold zombies (Ossuary)
  2 leopard gecko zombies
  8 orc zombies (Ossuary)
  A quokka zombie (D:5)
  8 rats
  2 rat zombies (Ossuary)
542 creatures vanquished.

Vanquished Creatures (others)
  54 fungi
  87 plants
141 creatures vanquished.

Grand Total: 683 creatures vanquished

Notes
Turn   | Place    | Note
-------+----------+-------------------------------------------
     0 | D:1      | lunkers the Formicid Earth Elementalist began the quest for
                  | the Orb.
     0 | D:1      | Reached XP level 1. HP: 13/13 MP: 3/3
   197 | D:1      | Reached XP level 2. HP: 17/19 MP: 0/5
   645 | D:1      | Reached XP level 3. HP: 24/24 MP: 4/6
  2356 | D:2      | Reached skill level 5 in Earth Magic
  2481 | D:2      | Reached XP level 4. HP: 30/30 MP: 6/8
  3334 | D:3      | Reached XP level 5. HP: 10/35 MP: 0/9
  3673 | D:3      | Noticed Jessica
  3679 | D:3      | Killed Jessica
  3994 | D:3      | Found a runed translucent door.
  4004 | D:3      | Noticed TigOlBitties's ghost (amateur DEEE)
  4446 | D:4      | Found a broken altar of Ashenzari.
  4466 | D:4      | Became a worshipper of Ashenzari the Shackled
  4480 | D:4      | Learned a level 2 spell: Passwall
  4484 | D:4      | Learned a level 3 spell: Stone Arrow
  4507 | D:4      | Found a sand-covered staircase.
  4512 | Ossuary  | Entered an ossuary
  4790 | Ossuary  | Reached XP level 6. HP: 38/41 MP: 11/11
  5490 | Ossuary  | Reached XP level 7. HP: 31/46 MP: 4/13
  5752 | D:4      | Found Ybben's Magic Scroll Emporium.
  5901 | D:4      | Reached skill level 1 in Shields
  7069 | D:5      | Entered Level 5 of the Dungeon
  7096 | D:5      | Reached XP level 8. HP: 52/52 MP: 3/15
  7194 | D:5      | Reached skill level 5 in Spellcasting
  7469 | D:5      | Found a glowing golden altar of the Shining One.
  7680 | D:5      | Found a hazy altar of Hepliaklqana.
  7773 | D:5      | Noticed Pikel
  7861 | D:5      | Killed Pikel
  7861 | D:5      | Reached skill level 10 in Earth Magic
  7861 | D:5      | Reached XP level 9. HP: 43/57 MP: 9/17
  7961 | D:5      | Found a broken altar of Ashenzari.
  8066 | D:5      | Found a basalt altar of Yredelemnul.
  8306 | D:5      | Found a white marble altar of Elyvilon.
  8674 | D:6      | Reached skill level 5 in Shields
  8755 | D:6      | Found an iron altar of Okawaru.
  8864 | D:6      | Found a staircase to the Ecumenical Temple.
  9016 | D:6      | Found a sparkling altar of Nemelex Xobeh.
  9305 | D:6      | Found a shadowy altar of Dithmenos.
  9305 | D:6      | Found a blossoming altar of Fedhas.
  9306 | D:6      | Found a stormy altar of Qazlal.
  9490 | D:7      | Reached * piety under Ashenzari
 10210 | D:6      | Learned a level 4 spell: Petrify
 10216 | D:6      | Learned a level 5 spell: Lee's Rapid Deconstruction
 11198 | D:7      | Got the cursed robe of Inquiry {Rampage rF+ Str+2 Int+2}
 11209 | D:7      | Identified the cursed +1 robe of Inquiry {Rampage rF+ Str+2
                  | Int+2} (You found it on level 7 of the Dungeon)
 11388 | D:7      | Reached skill level 1 in Fighting
 11444 | D:7      | Got the cursed pair of boots "Vogem" {rF+ rN+ rCorr Int-5
                  | SInv}
 11539 | D:7      | Reached XP level 10. HP: 66/66 MP: 10/20
 11659 | D:8      | Noticed Maggie
 11666 | D:8      | Killed Maggie
 11666 | D:8      | Reached skill level 2 in Fighting
 12180 | D:8      | Found the amulet of the Four Winds {rN+ MR+++ Clar}
 12182 | D:8      | Reached skill level 3 in Fighting
 12327 | D:8      | Found a radiant altar of Vehumet.
 12503 | D:8      | Found a sacrificial altar of Ru.
 12570 | D:8      | Noticed Prince Ribbit
 12590 | D:8      | Killed Prince Ribbit
 12598 | D:8      | Noticed Erica
 12796 | D:7      | Killed Erica
 13128 | D:8      | Reached skill level 4 in Fighting
 13271 | D:8      | Found a staircase to the Lair.
 13984 | D:9      | Reached XP level 11. HP: 78/78 MP: 3/23
 14798 | D:9      | Found a runed translucent door.
 14799 | D:9      | Found a basalt altar of Yredelemnul.
 15073 | D:9      | Reached skill level 1 in Conjurations
 15316 | Lair:1   | Entered Level 1 of the Lair of Beasts
 15316 | Lair:1   | Reached ** piety under Ashenzari
 15359 | Lair:1   | Reached skill level 5 in Fighting
 15462 | Lair:1   | Noticed Fannar
 15777 | Lair:1   | Killed Fannar
 16339 | Lair:1   | Reached skill level 6 in Fighting
 17194 | Lair:2   | Found a runed translucent door.
 17248 | Lair:2   | Found a staircase to the Swamp.
 17692 | Lair:2   | Reached skill level 7 in Fighting
 17827 | Lair:2   | Noticed relicbr's ghost (journeyman OpEE)
 18136 | Lair:2   | Identified the +4 spear "lunkers's Death" {freeze, +Inv
                  | Stlth+}
 18136 | Lair:2   | Noticed a spriggan rider
 18250 | Lair:3   | Reached skill level 8 in Fighting
 18644 | Lair:3   | Reached skill level 9 in Fighting
 18959 | Lair:3   | Reached XP level 12. HP: 74/96 MP: 8/24
 19185 | Lair:3   | Reached skill level 10 in Fighting
 19373 | Lair:3   | Reached *** piety under Ashenzari
 19993 | Lair:4   | Found a transporter.
 19997 | Lair:4   | Identified the +11 quarterstaff "Honavim" {distort, rPois
                  | MR+ Dex+3}
 19997 | Lair:4   | Noticed a spriggan berserker
 19998 | Lair:4   | Noticed Tiktacy's ghost (journeyman OpNe)
 20001 | Lair:4   | Found a transporter.
 20004 | Lair:4   | Found a bloodstained altar of Trog.
 20005 | Lair:4   | Identified the +8 shadow dragon scales of Youthful
                  | Indiscretion {rPois Regen+ Stlth++++}
 20431 | Lair:3   | Reached skill level 11 in Fighting
 20961 | Lair:4   | Found a hole to the Spider Nest.
 20970 | Lair:4   | Reached skill level 12 in Fighting
 21022 | Lair:4   | Identified Sif Muna's Catalogue of Shifting Intoxication
 21035 | Lair:4   | Noticed a death yak
 21036 | Lair:4   | Noticed a death yak
 21040 | Lair:4   | Noticed a death yak
 21054 | Lair:4   | Noticed a death yak
 21069 | Lair:3   | Killed a death yak
 21268 | Lair:3   | Killed a death yak
 21515 | Lair:3   | Killed a death yak
 21624 | Lair:4   | Killed a death yak
 21624 | Lair:4   | Reached skill level 13 in Fighting
 22387 | Lair:4   | Reached XP level 13. HP: 111/111 MP: 18/25
 22559 | Lair:4   | Noticed a six-headed hydra
 22563 | Lair:4   | Killed a six-headed hydra
 22980 | Lair:5   | Reached **** piety under Ashenzari
 23011 | Lair:5   | Reached skill level 14 in Fighting
 23437 | Lair:5   | Noticed an eight-headed hydra
 23443 | Lair:5   | Killed an eight-headed hydra
 24069 | Lair:5   | Reached skill level 15 in Fighting
 24756 | Lair:6   | Entered Level 6 of the Lair of Beasts
 24957 | Lair:6   | Noticed a catoblepas
 24972 | Lair:6   | Killed a catoblepas
 25610 | Lair:6   | Noticed a five-headed hydra
 25901 | Lair:6   | Reached skill level 16 in Fighting
 26182 | Lair:6   | Noticed a six-headed hydra
 26190 | Lair:6   | Killed a six-headed hydra
 26568 | Lair:6   | Found a staircase to the Slime Pits.
 27598 | Lair:6   | Noticed a fire dragon
 28099 | Lair:6   | Killed a fire dragon
 28099 | Lair:6   | Reached XP level 14. HP: 121/126 MP: 5/26
 28104 | Lair:6   | Reached skill level 17 in Fighting
 28731 | D:10     | Entered Level 10 of the Dungeon
 29696 | D:10     | Noticed Sonja
 29699 | D:10     | Killed Sonja
 30309 | D:11     | Found a staircase to the Orcish Mines.
 30381 | D:11     | Reached ***** piety under Ashenzari
 31547 | D:11     | Reached skill level 18 in Fighting
 32128 | D:11     | Found a roughly hewn altar of Beogh.
 32466 | D:12     | Noticed Maurice
 32485 | D:12     | Killed Maurice
 32556 | D:12     | Found a flagged portal.
 32594 | Bailey   | Entered a bailey
 33950 | D:12     | Found a radiant altar of Vehumet.
 34349 | D:12     | HP: 6/131 [manticore (2)]
 34349 | D:12     | HP: 2/131 [manticore (4)]
 34349 | D:12     | Demolished by a slime creature

Illustrated notes

Levels and vault maps discovered:
D:1:      kilobyte_arrival_exit_the_forest, layout_basic, chequers_big_river,
          minmay_box_of_dots
D:2:      layout_basic
D:3:      layout_basic, hellmonk_ghost_happy_afterlife, chequers_garden,
          minmay_stone_trees_small, hangedman_decor_growths, uniq_jessica
D:4:      layout_gridville, evilmike_ruin_ashenzari,
          cheibrodos_sewer_entry_bend, enter_ossuary_5, serial_shops,
          shop_statue, chequers_jeans
D:5:      layout_cave_pools, kennysheep_ying_yang, lemuel_doored_altar,
          hangedman_feature_mirror, uniq_pikel
D:6:      layout_loops_ring, kennysheep_mini, nemelex_xobeh_ov_fountains_minmay,
          gammafunk_temple_overflow_claw, minmay_temple_entry_stoned_glass
D:7:      layout_gridville
D:8:      layout_loops_ring, marbit_many_paths, old_standard_altar,
          dpeg_oklobed_lair, uniq_maggie, uniq_prince_ribbit1, uniq_erica
D:9:      layout_rooms, chequers_serial_rivers_room_a, minivault_24,
          dk_yredelemnul_ordeal
D:10:     layout_roguey, kennysheep_donut, uniq_sonja
D:11:     layout_long_grid, orc_0_dummy, special_room [special_room_orc]
D:12:     layout_cave_pools, enter_bailey_6, basic_altar, the_bakery,
          uniq_maurice
Lair:1:   layout_small_grid, uniq_fannar
Lair:2:   layout_chaotic_city, skrybe_swamp_entry_bodies,
          ebering_ghost_funeral_grove
Lair:3:   layout_gridlike, serial_bayou_pond_e
Lair:4:   layout_regular_city, nicolae_spider_entry_non_spiders,
          gammafunk_ghost_wrathful_warriors, beast_lair_carwin_9
Lair:5:   layout_regular_city
Lair:6:   guppyfry_lair_end_dragon, layout_long_grid, slime_dummy,
          serial_bayou_shore_b, grunt_megastairs_3

Skill      XL: |  1  2  3  4  5  6  7  8  9 10 11 12 13 14 |
---------------+-------------------------------------------+-----
Earth Magic    | 4 5 6 7 8 10 11 13 14 | 14.2
Spellcasting   | 3 4 5 7 8 |  8.1
Shields        | 2 4 6 7 8 |  8.1
Fighting       | 1 4 9 13 16 18 | 18.9
Conjurations   | 2 |  2.0
Dodging        | |  1.7
Stealth        | |  2.4
Transmutations | |  1.1

Action                   |  1- 3 |  4- 6 |  7- 9 | 10-12 | 13-15 || total
-------------------------+-------+-------+-------+-------+-------++-------
Melee: Unarmed           |    37 |       |       |       |       ||    37
       Dagger            |    18 |   230 |    87 |   136 |       ||   471
       Staff             |       |       |       |    15 |   113 ||   128
Throw: Stone             |     3 |       |       |     1 |       ||     4
 Cast: Sandblast         |    49 |    70 |     7 |    39 |    70 ||   235
       Stone Arrow       |       |    13 |   139 |   321 |   466 ||   939
       Petrify           |       |       |     2 |       |       ||     2
       Lee's Rapid Decon |       |       |       |     7 |     5 ||    12
Invok: Curse Item        |       |       |     3 |     2 |       ||     5
 Abil: Dig               |       |       |       |     1 |     3 ||     4
       Shaft Self        |       |       |       |       |     1 ||     1
Evoke: Wand              |       |       |       |       |     5 ||     5
       Phial of floods   |       |       |       |       |     1 ||     1
  Use: Scroll            |     2 |     5 |     5 |    11 |     4 ||    27
 Stab: Sleeping          |       |     1 |       |       |       ||     1
       Petrified         |       |       |    19 |       |       ||    19
Armor: Robe              |    33 |    38 |    13 |    26 |    36 ||   146
Dodge: Dodged            |    34 |   190 |    81 |   181 |   210 ||   696
       Repelled          |       |       |       |       |     4 ||     4
Block: Kite shield       |       |       |     1 |   169 |   238 ||   408

Table legend: (Time is in decaauts)
 A = Elapsed time spent in this place.
 B = Non-inter-level travel time spent in this place.
 C = Inter-level travel time spent in this place.
 D = Time resting spent in this place.
 E = Time spent auto-exploring this place.
 F = Levels seen in this place.
 G = Mean time per level.
                   A        B        C        D        E       F      G
               +--------+--------+--------+--------+--------+-----+--------+
         Total |  34474 |  33393 |   1081 |   4271 |  23417 |  20 | 1723.7 |
       Dungeon |  19545 |  18832 |    713 |   2169 |  13589 |  12 | 1628.8 |
          Lair |  12757 |  12389 |    368 |   1701 |   9055 |   6 | 2126.2 |
       Ossuary |   1228 |   1228 |      0 |    152 |    329 |   1 | 1228.0 |
        Bailey |    942 |    942 |      0 |    249 |    444 |   1 |  942.0 |
               +--------+--------+--------+--------+--------+-----+--------+

Top non-repeatable levels by time:
  Lair:6: 3681 daAuts
     D:7: 2505 daAuts
  Lair:3: 2477 daAuts
    D:11: 2336 daAuts
     D:8: 2188 daAuts
     D:1: 2060 daAuts
  Lair:5: 1942 daAuts
  Lair:4: 1735 daAuts
     D:6: 1551 daAuts
  Lair:2: 1512 daAuts
     D:4: 1508 daAuts
    D:10: 1460 daAuts
  Lair:1: 1407 daAuts
     D:5: 1374 daAuts
     D:9: 1357 daAuts
